 Dungeon Crawl Stone Soup version 0.17-a0-2118-g63bad21 (webtiles) character file.

23 Duffy the Sneak (level 2, -4/22 HPs)
             Began as a Naga Enchanter on Oct 20, 2015.
             Slain by Terence
             ... wielding a +1 flail of protection
              (6 damage)
             ... on level 1 of the Dungeon.
             The game lasted 00:01:32 (1259 turns).

Duffy the Sneak (Naga Enchanter)                    Turns: 1259, Time: 00:01:32

Health: -4/22      AC:  2    Str: 10    XL:     2   Next: 95%
Magic:  0/5        EV: 10    Int: 15    God:
Gold:   53         SH:  0    Dex: 11    Spells: 2 memorised, 2 levels left

rFire  . . .     SeeInvis +     a - +1 dagger
rCold  . . .     Clarity  .     b - +1 robe
rNeg   . . .     SustAt   .     (no shield)
rPois  +         Gourm    .     (no helmet)
rElec  .         Spirit   .     (no cloak)
rCorr  .         Warding  .     (no gloves)
rMut   .         Stasis   .     (no barding)
MR     .....                    (no amulet)
Stlth  +++.......               (no ring)
                                (no ring)

@: very slow, not resistant to hostile enchantments, fairly stealthy
A: see invisible, deformed body, poison resistance, slowness 2, slow metabolism
1, spit poison 2, AC +0
a: Spit Poison


You were on level 1 of the Dungeon.
You were not hungry.

You visited 1 branch of the dungeon, and saw 2 of its levels.

You collected 53 gold pieces.


Innate Abilities, Weirdness & Mutations

You cannot wear boots.
Your serpentine skin is tough (AC +0).
You have supernaturally acute eyesight.
Armour fits poorly on your strangely shaped body.
Your system is resistant to poisons.
You cover ground very slowly.
You have a slow metabolism.
You can spit poison.


   Skills:
 - Level 2.0 Short Blades
 - Level 1.5 Dodging
 - Level 4.4 Stealth
 - Level 2.0 Spellcasting
 + Level 3.5 Hexes


You had 2 spell levels left.
You knew the following spells:

 Your Spells              Type           Power        Failure   Level  Hunger
a - Ensorcelled Hibernat  Hex/Ice        #.....       17%         2    ###....
r - Corona                Hex            ##.....      6%          1    #......

Inventory:

Hand Weapons
 a - a +1 dagger (weapon)
Missiles
 e - 71 stones (quivered)
Armour
 b - a +1 robe (worn)
Scrolls
 f - a scroll of identify {unknown}
 g - 4 scrolls of remove curse {unknown}
 i - a scroll of amnesia {unknown}
Books
 c - a book of Maledictions
Comestibles
 d - 2 bread rations
 h - a royal jelly
 j - 3 chunks of flesh
 k - a meat ration

Dungeon Overview and Level Annotations

Branches:
Dungeon (2/15)

Altars:

Annotations:
D:1 Terence


Message History

Casting: Ensorcelled Hibernation
Confirm with . or Enter, or press ? or * to list all spells.
Okay, then.
There is a stone staircase leading up here.
You have got your breath back.
Terence hits you with a flail of protection.
You climb upwards.
There is a stone staircase leading down here.
Terence hits you with a flail of protection!
Casting: Ensorcelled Hibernation
Confirm with . or Enter, or press ? or * to list all spells.
Aiming: Ensorcelled Hibernation
Press: ? - help, Shift-Dir - straight line, f - Terence
Aim: Terence, wielding a flail of protection and wearing a ring mail (chance to defeat MR: 47%) Terence resists with some effort.
Terence closely misses you. Terence barely misses you.
Use which ability?
Press: ? - help, Shift-Dir - straight line, f/p - Terence
Aim: Terence, wielding a flail of protection and wearing a ring mail The splash of poison hits Terence.
Terence appears unharmed.
You feel slightly more hungry. Terence misses you.
Terence hits you with a flail of protection.
You have got your breath back.
Terence barely misses you.
Your magical contamination has completely faded away.
Terence closely misses you. Terence barely misses you.
Casting: Ensorcelled Hibernation
Confirm with . or Enter, or press ? or * to list all spells.
Aiming: Ensorcelled Hibernation
Press: ? - help, Shift-Dir - straight line, f/p - Terence
Aim: Terence, wielding a flail of protection and wearing a ring mail (chance to defeat MR: 47%) Terence resists with some effort.
Terence misses you.
Terence hits you with a flail of protection.
You die...

#>÷.'.............'.........
#.###.............#########.
######.# ############### #.
....##.# ## ....##.# # ....'..# #
....##.# #
....##.##########################
....##.........@@................
....###########################.#
.[.## ####### #.)...##.# ..)#
#.....# #.....##.# ...# #.....#
#.....##.# ...# #.†...#
#.....##.# #)## #....(#
#.....##.#
#.###########.....######.....##.#
............'÷....'....'.....'..#


You could see Terence.

Action                   || total
-------------------------++-------
Melee: Dagger            ||    42
 Cast: Ensorcelled Hiber ||     3
 Abil: Spit Poison       ||    11
 Stab: Sleeping          ||     3
       Distracted        ||     1
  Eat: Chunk             ||     1

Notes
Turn   | Place    | Note
--------------------------------------------------------------
     0 | D:1      | Duffy the Naga Enchanter began the quest for the Orb.
     0 | D:1      | Reached XP level 1. HP: 15/15 MP: 3/3
   351 | D:1      | Reached skill level 2 in Short Blades
   351 | D:1      | Reached XP level 2. HP: 4/22 MP: 5/5
   358 | D:1      | Learned a level 2 spell: Ensorcelled Hibernation
  1227 | D:2      | Noticed Terence
  1259 | D:1      | Slain by Terence

Vault maps used:
D:1:      mainiacjoe_arrival_reflecting_pool
D:2:      nicolae_overflow_hidden_temple, tgw_trog, uniq_terence

Vanquished Creatures
  3 bats
  5 goblins
  4 hobgoblins
  2 kobolds
  2 giant cockroaches
  A giant newt
  2 jackals
  2 rats
21 creatures vanquished.
